 Dungeon Crawl Stone Soup version 0.25-a0-302-g9f758675c1 (webtiles) character file.

Game seed: 9039718148347671992, levelgen mode: deterministic

3709 MoonlitKnight the Magician (level 10, -4/77 HPs)
             Began as a Gnoll Skald on Dec 20, 2019.
             Was a Follower of Okawaru.
             Slain by an orc warrior
             ... wielding a +0 trident
              (6 damage)
             ... on level 9 of the Dungeon.
             The game lasted 00:15:44 (9293 turns).

MoonlitKnight the Magician (Gnoll Skald)            Turns: 9293, Time: 00:15:45

Health: -4/77      AC: 10    Str: 14    XL:     10   Next: 14%
Magic:  17/20      EV: 15    Int: 16    God:    Okawaru [*.....]
Gold:   311        SH:  0    Dex: 17    Spells: 12/23 levels left

rFire    . . .     SeeInvis .   a - +0 halberd
rCold    . . .     Gourm    .   (shield currently unavailable)
rNeg     . . .     Faith    .   q - +0 ring mail
rPois    +         Spirit   .   r - +0 helmet
rElec    .         Reflect  .   b - +2 cloak
rCorr    .         Harm     .   (no gloves)
MR       .....                  (no boots)
Stlth    ++........             (no amulet)
HPRegen  0.22/turn              h - ring of poison resistance
MPRegen  0.17/turn              (no ring)

@: no status effects
A: distributed training, fangs 1, strong nose
a: Heroism, Renounce Religion


You were on level 9 of the Dungeon.
You worshipped Okawaru.
Okawaru was aware of your devotion.
You were not hungry.

You visited 2 branches of the dungeon, and saw 10 of its levels.

You collected 311 gold pieces.

Inventory:

Hand Weapons
 a - a +0 halberd (weapon)
Missiles
 f - 116 sling bullets
 t - 39 poisoned darts (quivered)
Armour
 b - a +2 cloak (worn)
 q - a +0 ring mail (worn)
 r - a +0 helmet (worn)
Jewellery
 g - an uncursed amulet of the acrobat {unknown}
 h - a ring of poison resistance (left hand)
 w - an uncursed ring of protection from fire {unknown}
 z - an uncursed amulet of guardian spirit {unknown}
 A - an uncursed ring of see invisible {unknown}
 B - a cursed ring of teleportation {unknown}
Wands
 u - a wand of acid (8)
Scrolls
 c - 3 scrolls of fear
 j - 2 scrolls of identify
 l - 5 scrolls of remove curse
 s - 2 scrolls of enchant armour
 v - 2 scrolls of fog {unknown}
 x - a scroll of enchant weapon {unknown}
 y - a scroll of torment {unknown}
 D - a scroll of noise {unknown}
Potions
 e - 3 potions of curing {unknown}
 i - 2 potions of heal wounds {unknown}
 k - a potion of mutation {unknown}
 m - 3 potions of might
 n - a potion of flight {unknown}
 o - a potion of cancellation {unknown}
 p - a potion of haste {unknown}
Comestibles
 d - 18 rations
 C - 9 chunks of flesh


   Skills:
 + Level 6.8 Fighting
 + Level 4.9 Short Blades
 + Level 4.9 Long Blades
 + Level 4.9 Axes
 + Level 4.9 Maces & Flails
 + Level 6.8 Polearms
 + Level 4.9 Staves
 + Level 4.9 Slings
 + Level 4.9 Bows
 + Level 4.9 Crossbows
 + Level 4.9 Throwing
 + Level 5.6 Armour
 + Level 6.8 Dodging
 + Level 4.9 Stealth
 + Level 4.9 Shields
 + Level 4.9 Unarmed Combat
 + Level 7.1 Spellcasting
 + Level 4.0 Conjurations
 + Level 4.0 Hexes
 + Level 6.9 Charms
 + Level 4.0 Summonings
 + Level 4.0 Necromancy
 + Level 4.0 Translocations
 + Level 4.0 Transmutations
 + Level 4.0 Fire Magic
 + Level 4.0 Ice Magic
 + Level 4.0 Air Magic
 + Level 4.0 Earth Magic
 + Level 4.0 Poison Magic
 + Level 5.4 Invocations
 + Level 4.9 Evocations


You had 12 spell levels left.
You knew the following spells:

 Your Spells              Type           Power        Failure   Level  Hunger
a - Spectral Weapon       Hex/Chrm       ###.....     8%          3    ##.....
b - Shroud of Golubria    Chrm/Tloc      ###...       3%          2    None
c - Regeneration          Chrm/Necr      ###.......   8%          3    ##.....
d - Infusion              Chrm           ####         1%          1    None
e - Song of Slaying       Chrm           ####....     1%          2    None

Your spell library contained the following spells:

 Spells                   Type           Power        Failure   Level  Hunger
 Beastly Appendage        Tmut           ###...       4%          1    None
 Confusing Touch          Hex            ###...       4%          1    None
 Magic Dart               Conj           ###.         4%          1    None
 Blink                    Tloc           N/A          7%          2    None
 Call Imp                 Summ           ###.....     7%          2    None
 Slow                     Hex            ###.....     7%          2    None
 Sticks to Snakes         Tmut           ###.....     7%          2    None
 Confuse                  Hex            ###.....     13%         3    ##.....
 Conjure Flame            Conj/Fire      ###.....     13%         3    ##.....
 Gell's Gravitas          Tloc           ###.......   13%         3    ##.....
 Mephitic Cloud           Conj/Pois/Air  ###.....     13%         3    ##.....
 Spider Form              Tmut/Pois      ###.......   13%         3    ##.....
 Ice Form                 Ice/Tmut       ###.....     41%         4    ####...
 Petrify                  Tmut/Erth      ###.....     41%         4    ####...
 Blade Hands              Tmut           ###.......   77%         5    #####..
 Metabolic Englaciation   Hex/Ice        ###.......   77%         5    #####..
 Yara's Violent Unravell  Hex/Tmut       ###.......   77%         5    #####..


Dungeon Overview and Level Annotations

Branches:
Dungeon (9/15)             Temple (1/1) D:7
   Lair: D:8-11         Orc: D:9-12

Altars:
Ashenzari
Cheibriados
Dithmenos
Elyvilon
Fedhas
Gozag
Nemelex Xobeh
Okawaru
Qazlal
Ru
Sif Muna
Trog
Uskayaw
Wu Jian
Xom
Zin

Shops:
D:5 (

Annotations:
D:2 1 runed translucent door, Crazy Yiuf
D:5 3 runed translucent doors, MoonlitKnight's ghost, amateur DECj


Innate Abilities, Weirdness & Mutations

Your experience applies equally to all skills.
You have very sharp teeth.
Your uncanny sense of smell can sniff out nearby items.


Message History

The orc warrior is almost dead.
The orc warrior hits you with a +0 trident.
* * * LOW HITPOINT WARNING * * *
You barely miss the orc warrior.
You bite the orc warrior, but do no damage.
The orc warrior is almost dead.
The orc warrior hits you with a +0 trident.
* * * LOW HITPOINT WARNING * * *
You hit the orc warrior but do no damage.
The orc warrior is almost dead.
The orc warrior barely misses you.
You butcher the orc corpse.
The orc warrior misses you.
Things that are here:
a +0 club; 2 chunks of flesh; an orc skeleton
Okay, then.
Casting: Spectral Weapon (safe; 8% risk of failure)
Confirm with . or Enter, or press ? or * to list all spells.
You draw out your weapon's spirit!
The orc warrior hits you with a +0 trident.
You die...

#(# #####.##..
#.# #..... #.#
#..#.# #.#
#..#>. #.#
#..### #.# #..#
#.# #..# #(#
#..# #@# #..#
#o# #..# #{.
#..# #... #..#
#.... #######..#
...............#
......########.#
...#### #.# #.#


You could see an orc warrior and a friendly spectral +0 halberd.

Vanquished Creatures
  Menkaure (D:4)
  Purgy (D:3)
  A sky beast (D:5)
  An ice beast (D:7)
  4 phantoms
  3 ogres
  5 centaurs
  5 bullfrogs
  A wyvern zombie (D:6)
  A water moccasin zombie (D:5)
  3 scorpions
  4 wights (D:7)
  5 crimson imps
  4 hounds
  A jelly (D:9)
  4 orc wizards
  3 bullfrog skeletons
  2 centaur skeletons
  Terence (D:2)
  5 iguanas
  8 worker ants
  3 hound skeletons
  Robin (D:2)
  A worker ant zombie (D:5)
  4 gnolls (D:3)
  11 adders
  A howler monkey skeleton (D:7)
  A shadow imp (D:8)
  3 oozes
  3 worms
  3 leopard geckos
  12 orcs
  8 bats
  7 giant cockroaches
  13 goblins
  16 hobgoblins
  10 jackals
  9 kobolds
  2 quokkas (D:2)
  A ball python (D:2)
  A frilled lizard (D:2)
  2 leopard gecko skeletons
  8 rats
183 creatures vanquished.

Notes
Turn   | Place    | Note
-------+----------+-------------------------------------------
     0 | D:1      | MoonlitKnight the Gnoll Skald began the quest for the Orb.
     0 | D:1      | Reached XP level 1. HP: 20/20 MP: 6/6
   345 | D:1      | Reached XP level 2. HP: 26/26 MP: 7/7
   540 | D:1      | Reached XP level 3. HP: 20/31 MP: 3/9
   542 | D:1      | Reached skill level 5 in Spellcasting
   622 | D:1      | Learned a level 2 spell: Shroud of Golubria
   626 | D:1      | Learned a level 3 spell: Spectral Weapon
   630 | D:1      | Learned a level 3 spell: Regeneration
   633 | D:1      | Learned a level 2 spell: Song of Slaying
  1424 | D:2      | Reached skill level 1 in Invocations
  1464 | D:2      | Found a sacrificial altar of Ru.
  1642 | D:2      | Found a runed translucent door.
  1643 | D:2      | Noticed Crazy Yiuf
  1711 | D:2      | Reached skill level 1 in Short Blades
  1711 | D:2      | Reached skill level 1 in Long Blades
  1711 | D:2      | Reached skill level 1 in Axes
  1711 | D:2      | Reached skill level 1 in Maces & Flails
  1711 | D:2      | Reached skill level 1 in Staves
  1711 | D:2      | Reached skill level 1 in Slings
  1711 | D:2      | Reached skill level 1 in Bows
  1711 | D:2      | Reached skill level 1 in Crossbows
  1711 | D:2      | Reached skill level 1 in Throwing
  1711 | D:2      | Reached skill level 1 in Stealth
  1711 | D:2      | Reached skill level 1 in Shields
  1711 | D:2      | Reached skill level 1 in Unarmed Combat
  1711 | D:2      | Reached skill level 1 in Evocations
  1711 | D:2      | Reached XP level 4. HP: 38/38 MP: 11/11
  1738 | D:2      | Noticed Terence
  1749 | D:2      | Killed Terence
  1782 | D:2      | Found a bloodstained altar of Trog.
  1784 | D:2      | Found a shimmering altar of Xom.
  2008 | D:2      | Reached skill level 1 in Conjurations
  2008 | D:2      | Reached skill level 1 in Hexes
  2008 | D:2      | Reached skill level 1 in Summonings
  2008 | D:2      | Reached skill level 1 in Necromancy
  2008 | D:2      | Reached skill level 1 in Translocations
  2008 | D:2      | Reached skill level 1 in Transmutations
  2008 | D:2      | Reached skill level 1 in Fire Magic
  2008 | D:2      | Reached skill level 1 in Ice Magic
  2008 | D:2      | Reached skill level 1 in Air Magic
  2008 | D:2      | Reached skill level 1 in Earth Magic
  2008 | D:2      | Reached skill level 1 in Poison Magic
  2175 | D:2      | Noticed a -3 dagger
  2246 | D:2      | Found a hide-covered altar of Uskayaw.
  2246 | D:2      | Noticed a +0 hand axe
  2374 | D:2      | Reached XP level 5. HP: 40/43 MP: 12/12
  2785 | D:2      | Noticed Robin
  2813 | D:2      | Killed Robin
  2971 | D:2      | Found a sparkling altar of Nemelex Xobeh.
  3501 | D:3      | Noticed Purgy
  3514 | D:3      | Killed Purgy
  3514 | D:3      | Reached skill level 5 in Fighting
  3514 | D:3      | Reached skill level 5 in Polearms
  3514 | D:3      | Reached skill level 5 in Dodging
  3514 | D:3      | Reached XP level 6. HP: 33/51 MP: 11/14
  4023 | D:4      | Found a shimmering blue altar of Sif Muna.
  4132 | D:4      | Noticed a phantom
  4158 | D:4      | Reached XP level 7. HP: 56/56 MP: 11/15
  4594 | D:4      | Noticed Menkaure
  4602 | D:4      | Killed Menkaure
  4602 | D:4      | Reached XP level 8. HP: 11/63 MP: 16/16
  4960 | D:4      | Found a bloodstained altar of Trog.
  5166 | D:5      | Entered Level 5 of the Dungeon
  5254 | D:5      | Reached skill level 6 in Spellcasting
  5323 | D:5      | Found a runed translucent gate.
  5345 | D:5      | Found a runed translucent gate.
  5345 | D:5      | Found a runed translucent gate.
  5345 | D:5      | Noticed MoonlitKnight's ghost (amateur DECj)
  5411 | D:5      | Found Higep's Antique Weapon Shop.
  5841 | D:5      | Reached XP level 9. HP: 66/69 MP: 18/18
  6359 | D:6      | Found an ornate altar of the Wu Jian Council.
  7254 | D:7      | Reached skill level 5 in Armour
  7514 | D:7      | Found a staircase to the Ecumenical Temple.
  7568 | D:7      | Reached skill level 5 in Invocations
  7595 | Temple   | Entered the Ecumenical Temple
  7730 | Temple   | Became a worshipper of Warmaster Okawaru
  7912 | D:7      | Reached XP level 10. HP: 67/77 MP: 20/20
  7925 | D:7      | Reached skill level 7 in Spellcasting
  8280 | D:8      | Found a blossoming altar of Fedhas.
  8463 | D:8      | Found a shattered altar of Ashenzari.
  9202 | D:9      | Reached * piety under Okawaru
  9290 | D:9      | HP: 1/77 [orc warrior/+0 trident (5)]
  9293 | D:9      | Slain by an orc warrior

Levels and vault maps discovered:
D:1:      lemuel_arrival_river_ford, layout_basic, minmay_tetromino_i4
D:2:      minmay_wonky_spiral, layout_loops_corners, nicolae_ru_awakened_eye,
          lemuel_doored_altar, dancing_weapons_uskayaw,
          chequers_temple_overflow_statue_of_worship, first_ration,
          uniq_crazy_yiuf_cottage, uniq_robin, uniq_terence
D:3:      layout_loops_cross, uniq_purgy
D:4:      cheibrodos_helix_gallery, layout_loops_ring, old_standard_altar,
          grunt_decor_mini_mirrors, st_stairs_12, bloody_trog, uniq_menkaure
D:5:      layout_cave_pods, serial_shops, shop, ebering_ghost_rock_garden
D:6:      layout_basic, basic_altar, minmay_small_thing
D:7:      layout_loops_ring, minmay_temple_entry_trees
D:8:      layout_loops_cross, nicolae_overflow_crystal_walls,
          ashenzari_conservatory_becter
D:9:      layout_basic, david_lair_shrubbed
Temple:   minmay_temple_curvy_branch

Skill      XL: |  1  2  3  4  5  6  7  8  9 10 |
---------------+-------------------------------+-----
Spellcasting   | 5 6 7 |  7.1
Invocations    | 1 2 3 4 5 |  5.4
Short Blades   | 1 2 3 4 |  4.9
Long Blades    | 1 2 3 4 |  4.9
Axes           | 1 2 3 4 |  4.9
Maces & Flails | 1 2 3 4 |  4.9
Staves         | 1 2 3 4 |  4.9
Slings         | 1 2 3 4 |  4.9
Bows           | 1 2 3 4 |  4.9
Crossbows      | 1 2 3 4 |  4.9
Throwing       | 1 2 3 4 |  4.9
Stealth        | 1 2 3 4 |  4.9
Shields        | 1 2 3 4 |  4.9
Unarmed Combat | 1 2 3 4 |  4.9
Evocations     | 1 2 3 4 |  4.9
Conjurations   | 1 2 3 4 |  4.0
Hexes          | 1 2 3 4 |  4.0
Summonings     | 1 2 3 4 |  4.0
Necromancy     | 1 2 3 4 |  4.0
Translocations | 1 2 3 4 |  4.0
Transmutations | 1 2 3 4 |  4.0
Fire Magic     | 1 2 3 4 |  4.0
Ice Magic      | 1 2 3 4 |  4.0
Air Magic      | 1 2 3 4 |  4.0
Earth Magic    | 1 2 3 4 |  4.0
Poison Magic   | 1 2 3 4 |  4.0
Armour         | 3 4 5 |  5.6
Fighting       | 5 6 |  6.8
Polearms       | 5 6 |  6.8
Dodging        | 5 6 |  6.8
Charms         | 6 |  6.9

Action                   |  1- 3 |  4- 6 |  7- 9 | 10-12 || total
-------------------------+-------+-------+-------+-------++-------
Melee: Spear             |   140 |   190 |       |       ||   330
       Bite              |    15 |    17 |    53 |     6 ||    91
       Halberd           |       |    50 |   358 |    92 ||   500
 Cast: Infusion          |     2 |       |     1 |       ||     3
       Spectral Weapon   |     2 |     7 |     7 |     1 ||    17
       Song of Slaying   |       |     1 |       |       ||     1
       Regeneration      |       |       |     2 |       ||     2
  Use: Scroll            |       |     6 |     1 |       ||     7
 Stab: Sleeping          |     3 |     3 |    12 |     3 ||    21
       Distracted        |     1 |       |     2 |       ||     3
  Eat: Chunk             |     3 |     8 |    13 |     2 ||    26
       Ration            |       |       |       |     1 ||     1
Armor: Leather armour    |    35 |    14 |       |       ||    49
       Ring mail         |       |    46 |   139 |    33 ||   218
Dodge: Dodged            |   104 |   164 |   251 |    64 ||   583

Table legend:
 A = Non-vault XP
 B = Vault XP
 C = Vault XP percentage of total XP
 D = Non-vault monster count
 E = Vault monster count
 F = Vault count percentage of total count
                 A         B        C        D         E       F
            +---------+---------+-------+---------+---------+-------
      Total |    4762 |     537 |  10.1 |     161 |      22 |  12.0
            +---------+---------+-------+---------+---------+-------
        D:1 |      43 |       7 |  14.0 |      22 |       4 |  15.4
        D:2 |      97 |      72 |  42.6 |      29 |      13 |  31.0
        D:3 |      92 |     145 |  61.2 |      18 |       1 |   5.3
        D:4 |     777 |     295 |  27.5 |      19 |       3 |  13.6
        D:5 |    1044 |       0 |   0.0 |      17 |       0 |   0.0
        D:6 |     660 |      18 |   2.7 |      21 |       1 |   4.5
        D:7 |    1652 |       0 |   0.0 |      22 |       0 |   0.0
        D:8 |     141 |       0 |   0.0 |       4 |       0 |   0.0
        D:9 |     256 |       0 |   0.0 |       9 |       0 |   0.0
            +---------+---------+-------+---------+---------+-------
